 Dungeon Crawl Stone Soup version 0.28.0-53-g5a82cb258f (webtiles) character file.

Game seed: 12539577446561786876

133 Tiocfaidh the Ducker (level 4, 0/26 HPs)
             Began as a Deep Elf Gladiator on June 5, 2022.
             Succumbed to a scorpion's poison
             ... on level 4 of the Dungeon.
             The game lasted 00:17:10 (3792 turns).

Tiocfaidh the Ducker (Deep Elf Gladiator)           Turns: 3792, Time: 00:17:11

Health: 0/26       AC:  7    Str: 13    XL:     4   Next: 93%
Magic:  3/6        EV: 11    Int: 19    God:
Gold:   129        SH:  0    Dex: 16    Spells: 3/3 levels left

rFire   . . .      SeeInvis +   a - +0 quarterstaff
rCold   . . .      Faith    .   (shield currently unavailable)
rNeg    . . .      Spirit   +   o - +0 scale mail
rPois   .          Reflect  .   c - +0 helmet
rElec   .          Harm     .   (no cloak)
rCorr   .          Rampage  .   (no gloves)
Will    .....                   (no boots)
Stlth   ..........              g - amulet of guardian spirit
HPRegen 0.08/turn               h - +6 ring of intelligence
MPRegen 0.10/turn               d - ring of see invisible

@: lethally poisoned (0 -> -10)
A: no striking features
a: no special abilities


You were on level 4 of the Dungeon.
You visited 1 branch of the dungeon, and saw 4 of its levels.

You collected 129 gold pieces.

Inventory:

Hand Weapons
 a - a +0 quarterstaff (weapon)
Missiles
 n - 6 javelins (quivered)
Armour
 c - a +0 helmet (worn)
 o - a +0 scale mail (worn)
Jewellery
 d - a ring of see invisible (right hand)
 g - an amulet of guardian spirit (around neck)
 h - a +6 ring of intelligence (left hand)
 j - a ring of ice
Wands
 l - a wand of flame (26)
Scrolls
 b - a scroll of teleportation
 i - a scroll of amnesia
Potions
 f - a potion of resistance
 m - 2 potions of curing


   Skills:
 + Level 2.2 Fighting
 + Level 4.2 Staves
 + Level 2.1 Throwing
 + Level 1.1 Armour
 + Level 4.6 Dodging
 + Level 0.5 Stealth


You had 3 spell levels left.
You didn't know any spells.
Your spell library contained the following spells:

 Spells                   Type           Power      Damage    Failure   Level
 Animate Skeleton         Necr           0%         N/A       69%         1
 Apportation              Tloc           0%         N/A       69%         1
 Summon Small Mammal      Summ           0%         N/A       69%         1


Dungeon Overview and Level Annotations

Branches:
Dungeon (4/15)
 Temple: D:4-7

Altars:
Uskayaw

Shops:
D:3 [[

Annotations:
D:2 Sigmund


Message History

The endoplasm is severely wounded.
The endoplasm closely misses you.
You hit the endoplasm.
You kill the endoplasm!
You now have 129 gold pieces (gained 9).
You see here a +0 ring mail.
An endoplasm comes into view.
The endoplasm quivers.
The endoplasm moves out of view.
You sock the endoplasm!
You kill the endoplasm!
Found a ring mail.
A scorpion comes into view.
There is a shaft here.
There is a shaft here.
The scorpion stings you.
You are poisoned.
The scorpion poisons you!
You feel very sick.
You hit the scorpion but do no damage.
You feel sick. The scorpion stings you.
You are lethally poisoned!
The scorpion poisons you!
You sock the scorpion!
The scorpion is heavily wounded.
You feel very sick.
The scorpion stings you but does no damage.
You closely miss the scorpion.
The scorpion is heavily wounded.
* * * LOW HITPOINT WARNING * * *
You feel very sick.
The scorpion stings you but does no damage.
The scorpion completely misses you.
You barely miss the scorpion.
The scorpion is heavily wounded.
* * * LOW HITPOINT WARNING * * *
You feel very sick. The scorpion stings you.
You hit the scorpion.
The scorpion is severely wounded.
You die...

#.# # #.# ##. #.# ##.# #.#
####..# ##.## ####.....#
#...# #..[.....### ######
###..##
...........###....####....#
.........^s@.....###.....##
...###.........### #...###
#.........## #..##
#.........## #..#
#...####...# #..# ...##
#...# #.## ...# #..## #.##
..# ##.# #..# ##.## ##..#


You could see a scorpion.

Vanquished Creatures
  A hound skeleton (D:4)
  Robin (D:3)
  5 adders
  2 orcs
  6 bats
  9 endoplasms
  12 goblins
  9 hobgoblins
  4 kobolds
  2 quokkas
  3 ball pythons
  A frilled lizard (D:1)
  5 rats
60 creatures vanquished.

Vanquished Creatures (others)
  7 plants (D:1)
7 creatures vanquished.

Grand Total: 67 creatures vanquished

Notes
Turn   | Place    | Note
-------+----------+-------------------------------------------
     0 | D:1      | Tiocfaidh the Deep Elf Gladiator began the quest for the
                  | Orb.
     0 | D:1      | Reached XP level 1. HP: 12/12 MP: 3/3
   294 | D:1      | Reached XP level 2. HP: 17/17 MP: 4/4
   315 | D:1      | Found a faded altar of an unknown god.
   952 | D:1      | You fall into a shaft and drop 1 floor!
  1029 | D:1      | Reached XP level 3. HP: 17/21 MP: 5/5
  1277 | D:2      | Noticed Sigmund
  1920 | D:2      | Identified the +1 robe "Feivuqy" {Will+ Stlth+}
  2091 | D:2      | Reached XP level 4. HP: 21/26 MP: 6/6
  2479 | D:3      | Found Ereabe's Antique Armour Boutique.
  2897 | D:3      | Found a hide-covered altar of Uskayaw.
  2903 | D:3      | Noticed Robin
  2914 | D:3      | Killed Robin
  2915 | D:3      | Reached skill level 1 in Armour
  3070 | D:3      | Found Lewiqu's Armour Emporium.
  3781 | D:4      | Noticed a scorpion
  3792 | D:4      | Succumbed to a scorpion's poison

Illustrated notes

Levels and vault maps discovered:
D:1:      roderic_crop_circles_arrival_small, layout_loops_ring,
          chequers_ecumenical_altar_twisty
D:2:      layout_basic, uniq_sigmund
D:3:      layout_loops_ring, mainiacjoe_overflow_alcove_2, serial_shops, shop,
          nicolae_shop_behind_doors, uniq_robin
D:4:      layout_layer_cave

Skill      XL: |  1  2  3  4 |
---------------+-------------+-----
Dodging        | 4 |  4.6
Fighting       | 2 |  2.2
Staves         | 4 |  4.2
Armour         | 1 |  1.1
Throwing       | |  2.1
Stealth        | |  0.5

Action                   |  1- 3 |  4- 6 || total
-------------------------+-------+-------++-------
Melee: Quarterstaff      |   119 |    78 ||   197
Throw: Javelin           |       |     6 ||     6
       Throwing net      |       |     1 ||     1
  Use: Scroll            |     2 |     4 ||     6
       Potion            |     2 |       ||     2
 Stab: Sleeping          |     1 |     1 ||     2
Armor: Leather armour    |    43 |     4 ||    47
       Ring mail         |       |    12 ||    12
       Scale mail        |       |    10 ||    10
Dodge: Dodged            |    90 |    56 ||   146
